 Dungeon Crawl Stone Soup version 0.31.0-11-ge490571c62 (webtiles) character file.

Game seed: 8718440656105486083

10886 inmateoo the Cleaver (level 11, -1/99 HPs)
             Began as a Minotaur Fighter on Feb 1, 2024.
             Slain by Erica
             ... wielding a +4 scimitar of flaming
              (4 damage)
             ... on level 10 of the Dungeon.
             The game lasted 00:06:25 (8396 turns).

inmateoo the Cleaver (Minotaur Fighter)             Turns: 8396, Time: 00:06:26

Health: -1/99      AC: 11    Str: 30    XL:     11   Next: 42%
Magic:  10/10      EV: 18    Int:  7    God:
Gold:   568        SH:  6    Dex: 11    Spells: 10/10 levels left

rFire   . . .        A - +1 broad axe
rCold   . . .        a - +0 buckler of Mutualism {rElec Int+2}
rNeg    . . .        B - +0 swamp dragon scales
rPois   +            (helmet restricted)
rElec   +            v - +0 cloak {Will+}
rCorr   .            (no gloves)
SInv    .            (no boots)
Will    +....        h - amulet of regeneration
Stlth   +            r - +6 ring of strength
HPRegen 1.16/turn    s - +5 ring of evasion
MPRegen 0.12/turn

%: no passive effects
@: studying Maces & Flails
A: horns 2, retaliatory headbutt
a: no special abilities


You were on level 10 of the Dungeon.
You visited 1 branch of the dungeon, and saw 10 of its levels.
You also visited: Bailey.

You collected 898 gold pieces.
You spent 330 gold pieces at shops.

Inventory:

Hand Weapons
 i - a +4 hand axe of freezing
 q - a +1 whip of electrocution
 A - a +1 broad axe (weapon)
Missiles
 n - a throwing net (quivered)
Armour
 a - the +0 buckler of Mutualism (worn) {rElec Int+2}
   (You found it in a bailey)

   Int+2:     It affects your intelligence (+2).
   rElec:     It insulates you from electricity.
 v - a +0 cloak of willpower (worn)
 B - +0 swamp dragon scales (worn)
Jewellery
 c - a ring of protection from fire
 h - an amulet of regeneration (around neck)
 j - a ring of protection from cold
 p - a ring of positive energy
 r - a +6 ring of strength (left hand)
 s - a +5 ring of evasion (right hand)
 u - an amulet of faith
Wands
 k - a wand of paralysis (14)
Scrolls
 b - 4 scrolls of identify
 f - 6 scrolls of teleportation
 g - a scroll of fear
 o - a scroll of revelation
 t - a scroll of torment
 w - 3 scrolls of blinking
Potions
 d - 4 potions of might
 e - a potion of curing
 l - 2 potions of enlightenment
 m - a potion of haste
 x - a potion of ambrosia {unknown}


   Skills:
 + Level 9.7 Fighting
 * Level 12.8 Axes
 + Level 9.7 Armour
 + Level 7.9 Dodging
 + Level 9.5 Shields


You had 10 spell levels left.
You didn't know any spells.
Your spell library contained the following spells:

 Spells                   Type           Power      Damage    Failure   Level
 Freeze                   Ice            0%         1d3       56%         1
 Shock                    Conj/Air       0%         1d3       56%         1
 Cigotuvi's Dreadful Rot  Necr/Alch/Air  0%         N/A       71%         2
 Mercury Vapours          Alch/Air       0%         N/A       71%         2
 Frozen Ramparts          Ice            0%         1d1       91%         3
 Hailstorm                Conj/Ice       0%         3d5       91%         3
 Mephitic Cloud           Conj/Alch/Air  0%         N/A       91%         3
 Swiftness                Air            0%         N/A       91%         3
 Airstrike                Air            0%         2d(0-16)  100%        4
 Dispel Undead            Necr           0%         3d6       100%        4
 Martyr's Knell           Necr/Summ      0%         N/A       100%        4
 Freezing Cloud           Conj/Ice/Air   0%         6-21      100%        5
 Death Channel            Necr           0%         N/A       100%        6


Dungeon Overview and Level Annotations

Branches:
Dungeon (10/15)            Temple (0/1) D:7            Lair (0/5) D:9
 Bailey (visited)
    Orc: D:9-12

Altars:
Elyvilon
Fedhas
Gozag
Nemelex Xobeh
Okawaru
Qazlal
Ru
Sif Muna
Uskayaw
Wu Jian
The Shining One

Shops:
D:5 (   D:7 =

Annotations:
D:6 exclusion: 2 doors
D:10 Erica


Innate Abilities, Weirdness & Mutations

You have a pair of horns on your head.
You reflexively headbutt those who attack you in melee.


Message History

You closely miss the orc warrior. You hit the yak but do no damage.
Erica hits you with a +4 scimitar of flaming!
Erica burns you. Erica constricts you. The yak gores you but does no damage.
You block the orc warrior's attack.
You barely miss Erica.
Erica is heavily wounded.
You hit the orc warrior but do no damage.
You slash the yak! Erica hits you but does no damage. Erica constricts you.
You block the yak's attack. The orc warrior closely misses you.
You furiously retaliate!
You headbutt the orc warrior.
You are too injured to fight recklessly!
You miss Erica.
Erica is heavily wounded.
You hit the orc warrior but do no damage.
You hit the yak.
Erica hits you with a +4 scimitar of flaming!
* * * LOW HITPOINT WARNING * * *
Erica burns you.
* * * LOW HITPOINT WARNING * * *
Erica constricts you.
* * * LOW HITPOINT WARNING * * *
The yak gores you!
* * * LOW HITPOINT WARNING * * *
The orc warrior hits you with a +0 battleaxe!
* * * LOW HITPOINT WARNING * * *
You are too injured to fight recklessly!
You escape Erica's grasp.
Erica mumbles some strange words.
Erica flickers and vanishes!
Deactivating autopickup; reactivate with Ctrl-A.
You feel better. The yak completely misses you.
The orc warrior closely misses you.
You slash the yak!
You kill the yak!
You hit the orc warrior but do no damage.
You miss something. The orc warrior misses you. You furiously retaliate!
You headbutt the orc warrior. Something hits you!
* * * LOW HITPOINT WARNING * * *
Something burns you.
You die...

######'####'##
########.. #.#
#.# .....PP≈
#.# #.#
#####P#≈ #.#
#.# ####
####P.≈
#.####.# .....
....P.≈
#......##.....
.....#≈
#.............
....PP≈
#........!....
....P.≈
#...^.@.......
.....#≈
#....o)†......
.....P≈
#.....).....##
.....P≈
.............#
######≈
.$...##.......#
##≈ .....
#....§..# ##≈≈
..... ...§§~~.#
#≈≈. ....
..~§_†§.# #≈⌠.
... ...)§...#
#≈≈.


You could see an orc warrior.

Vanquished Creatures
  3 two-headed ogres
  Pikel (D:3)
  A gargoyle (D:7)
  Maggie (D:6)
  A komodo dragon (D:9)
  A troll (D:9)
  Sigmund (D:6)
  5 wyverns
  6 yaks
  2 wraiths
  Eustachio (D:4)
  A basilisk (D:9)
  3 steam dragons
  3 acid dragons
  A water moccasin (D:9)
  A swamp drake (D:9)
  2 sky beasts (D:7)
  4 orc warriors
  An ice beast (D:6)
  A black bear (D:4)
  An ogre (D:6)
  6 centaurs
  A lemure (D:3)
  8 kobold brigands
  Blork the orc (D:6)
  2 bullfrogs (D:7)
  5 scorpions
  12 wights
  13 killer bees
  2 electric eels (D:10)
  2 howler monkeys
  A bombardier beetle (D:5)
  7 jellies
  Crazy Yiuf (D:5)
  An orc priest (D:7)
  2 hounds (D:5)
  4 iguanas
  9 orc wizards
  6 adders
  7 gnolls (D:5)
  A white imp (D:6)
  An ufetubus (D:6)
  4 dart slugs
  3 ribbon worms
  25 orcs
  9 ball pythons
  8 endoplasms
  A giant cockroach (D:1)
  9 hobgoblins
  2 jackals (D:4)
  3 quokkas
  2 bats
  4 frilled lizards
  11 goblins
  21 kobolds
  5 rats
240 creatures vanquished.

Vanquished Creatures (others)
  2 yaks (D:10)
  2 orcs (D:10)
  A quokka (D:3)
  A rat (D:3)
6 creatures vanquished.

Grand Total: 246 creatures vanquished

Notes
Turn   | Place    | Note
-------+----------+-------------------------------------------
     0 | D:1      | inmateoo the Minotaur Fighter began the quest for the Orb.
     0 | D:1      | Reached XP level 1. HP: 19/19 MP: 0/0
   121 | D:1      | Found a faded altar of an unknown god.
   254 | D:1      | Reached XP level 2. HP: 27/27 MP: 1/1
   564 | D:2      | Reached skill level 3 in Axes
   595 | D:2      | Reached skill level 1 in Dodging
   595 | D:2      | Reached XP level 3. HP: 22/33 MP: 2/2
   968 | D:2      | Reached XP level 4. HP: 39/40 MP: 3/3
  1182 | D:3      | Found a hide-covered altar of Uskayaw.
  1288 | D:3      | Reached skill level 4 in Axes
  1552 | D:3      | Noticed a scorpion
  1559 | D:3      | Killed a scorpion
  1560 | D:3      | Reached XP level 5. HP: 42/47 MP: 4/4
  1815 | D:4      | Noticed a black bear
  1821 | D:4      | Killed a black bear
  1822 | D:4      | Reached skill level 5 in Axes
  1822 | D:4      | Reached XP level 6. HP: 35/53 MP: 5/5
  1981 | D:4      | Found an ornate altar of the Wu Jian Council.
  1988 | D:4      | Found a sacrificial altar of Ru.
  1994 | D:4      | Found an iron altar of Okawaru.
  2038 | D:4      | Noticed Eustachio
  2041 | D:4      | Noticed Pikel
  2050 | D:4      | Killed Eustachio
  2051 | D:4      | Reached skill level 5 in Fighting
  2051 | D:4      | Reached skill level 5 in Armour
  2051 | D:4      | Reached skill level 5 in Shields
  2051 | D:4      | Reached XP level 7. HP: 20/61 MP: 6/6
  2250 | D:3      | Killed Pikel
  2251 | D:3      | Reached skill level 6 in Axes
  2551 | D:5      | Entered Level 5 of the Dungeon
  2562 | D:5      | Reached XP level 8. HP: 60/70 MP: 7/7
  2580 | D:5      | Reached skill level 7 in Axes
  2776 | D:5      | Found Femiq's Antique Weapon Boutique.
  2937 | D:5      | Found an opulent altar of Gozag.
  3282 | D:5      | Found a runed translucent door.
  3283 | D:5      | Noticed Crazy Yiuf
  3479 | D:5      | Killed Crazy Yiuf
  3732 | D:6      | Reached skill level 8 in Axes
  4022 | D:6      | Noticed Blork the orc
  4029 | D:6      | Killed Blork the orc
  4109 | D:6      | Reached XP level 9. HP: 78/78 MP: 8/8
  4197 | D:6      | Reached skill level 5 in Dodging
  4220 | D:6      | Noticed Sigmund
  4225 | D:6      | Killed Sigmund
  4226 | D:6      | Reached skill level 9 in Axes
  4527 | D:6      | Noticed Maggie
  4542 | D:6      | Killed Maggie
  4563 | D:6      | Found a shimmering blue altar of Sif Muna.
  4925 | D:7      | Found a flagged portal.
  4944 | Bailey   | Entered a bailey
  5081 | Bailey   | Found an iron altar of Okawaru.
  5097 | Bailey   | Reached skill level 10 in Axes
  5121 | Bailey   | Identified the +0 buckler of Mutualism {rElec Int+2}
  5323 | D:7      | Found a staircase to the Ecumenical Temple.
  5516 | D:7      | Noticed a gargoyle
  5525 | D:7      | Killed a gargoyle
  5526 | D:7      | Reached XP level 10. HP: 41/88 MP: 9/9
  5685 | D:7      | Found Dastodygg's Jewellery Boutique.
  5694 | D:7      | Bought an amulet of regeneration for 330 gold pieces
  5709 | D:7      | Found a blossoming altar of Fedhas.
  6371 | D:8      | Reached skill level 11 in Axes
  6438 | D:8      | Noticed a two-headed ogre
  6445 | D:8      | Killed a two-headed ogre
  6640 | D:8      | Found a glowing golden altar of the Shining One.
  6675 | D:8      | Found a sparkling altar of Nemelex Xobeh.
  7264 | D:9      | Reached skill level 12 in Axes
  7304 | D:9      | Reached XP level 11. HP: 44/97 MP: 10/10
  7369 | D:9      | Found a staircase to the Lair.
  7520 | D:9      | Noticed a two-headed ogre
  7528 | D:9      | Killed a two-headed ogre
  7756 | D:10     | Entered Level 10 of the Dungeon
  8030 | D:10     | Noticed a two-headed ogre
  8087 | D:9      | Killed a two-headed ogre
  8193 | D:10     | Found a white marble altar of Elyvilon.
  8382 | D:10     | Found a stormy altar of Qazlal.
  8382 | D:10     | Noticed Erica
  8396 | D:10     | HP: 3/99 [something (16)]
  8396 | D:10     | Slain by Erica

Illustrated notes

Levels and vault maps discovered:
D:1:      wheals_arrival_shading, layout_basic, ebering_ecumenical_altar_hall
D:2:      layout_loops_ring
D:3:      layout_loops_cross, nicolae_uskayaw_murder_on_the_dancefloor
D:4:      layout_cave_pools, gammafunk_temple_overflow_forgotten, uniq_pikel,
          uniq_eustachio
D:5:      layout_basic, grunt_gozag_breadcrumbs, serial_shops, shop,
          kennysheep_donut, minmay_misc_feat_nine_boxes, uniq_crazy_yiuf_cottage
D:6:      cheibrodos_two_vegetables, layout_layer_cave,
          nicolae_sif_muna_condensation, hangedman_decor_push, sigmund_army,
          uniq_blork_the_orc, uniq_maggie, uniq_sigmund
D:7:      layout_loops_corners, kennysheep_little_box,
          minmay_temple_entry_statues, serial_shops, shop, enter_bailey_5,
          minmay_misc_feat_square
D:8:      layout_gridville, mainiacjoe_overflow_six_doors_small,
          mainiacjoe_overflow_24_doors
D:9:      layout_roguey, erik_lair_dragon
D:10:     layout_basic, kennysheep_mini_moat, nicolae_qazlal_scattered_showers,
          nicolae_elyvilon_temple_path, uniq_erica

Skill      XL: |  1  2  3  4  5  6  7  8  9 10 |
---------------+-------------------------------+-----
Axes           | 3 4 5 6 8 10 12 | 12.8
Dodging        | 1 2 3 4 6 7 |  7.9
Shields        | 4 5 6 7 9 |  9.5
Fighting       | 4 5 6 8 9 |  9.7
Armour         | 4 5 6 8 9 |  9.7

Action                     |  1- 3 |  4- 6 |  7- 9 | 10-12 || total
---------------------------+-------+-------+-------+-------++-------
  Melee: War axe           |    75 |    92 |   137 |       ||   304
         Headbutt          |    10 |     9 |    31 |    38 ||    88
         Broad axe         |       |       |    57 |   225 ||   282
    Use: Scroll            |       |       |    16 |     1 ||    17
         Potion            |       |       |     1 |     1 ||     2
 Armour: Scale mail        |    58 |   101 |    67 |       ||   226
         Swamp dragon scal |       |       |    37 |   145 ||   182
  Dodge: Dodged            |    28 |    62 |   182 |   232 ||   504
  Block: Buckler           |    21 |    41 |    66 |    70 ||   198
